[Event "GER-ch Rapid Women 2017"]
[Site "Erfurt"]
[Date "2017.07.29"]
[Round "5"]
[White "Rath, Alina"]
[Black "Muetsch, Annmarie"]
[Result "1-0"]
[ECO "A25"]
[WhiteElo "2035"]
[BlackElo "2049"]
[Annotator "NA"]
[PlyCount "85"]
[EventDate "2017.??.??"]
[EventType "swiss"]
[EventCountry "GER"]
[SourceTitle "playchess.com"]
[Source "ChessBase"]
[SourceQuality "1"]
[TimeControl "1200"]

1. c4 e5 2. Nc3 Nc6 3. g3 g6 4. Bg2 Bg7 5. e4 d6 6. Nge2 Nge7 7. O-O O-O 8. d3 f5 9. f4 a5 10. Be3 Be6 11. Qd2 Kh8 12. b3 fxe4 13. dxe4 Qd7 14. Rae1 Rae8 15. Nd5 b6 16. Nec3 Bxd5 17. exd5 Nd8 18. fxe5 Bxe5 19. Bd4 Nf5 20. Bxe5+ dxe5 21. Bh3 Qg7 22. Ne4 Nd4 23. Qd3 Nf7 24. a3 Nd6 25. Nd2 Qh6 26. Bg2 Qg5 27. b4 axb4 28. axb4 Ra8 29. c5 Rxf1+ 30. Rxf1 bxc5 31. bxc5 N6f5 32. d6 c6 33. Ne4 Qh6 34. Re1 Ra2 35. Qb1 Ra8 36. Qb7 Rf8 37. d7 Ne3 38. Qc8 Ne6 39. Qxc6 Ng5 40. d8=Q Ng4 41. Qxf8+ Qxf8 42. Rf1 Qd8 43. Qd6 1-0

[Event "GER-ch Rapid Women 2017"]
[Site "Erfurt"]
[Date "2017.07.29"]
[Round "5"]
[White "Zahn, Alina"]
[Black "Kinzel, Tiffany"]
[Result "1-0"]
[ECO "B54"]
[WhiteElo "2025"]
[BlackElo "1755"]
[Annotator "NA"]
[PlyCount "87"]
[EventDate "2017.??.??"]
[EventType "swiss"]
[EventCountry "GER"]
[SourceTitle "playchess.com"]
[Source "ChessBase"]
[SourceQuality "1"]
[TimeControl "1200"]

1. e4 c5 2. Nf3 d6 3. d4 cxd4 4. Nxd4 Nf6 5. f3 a6 6. c4 e6 7. Be3 b6 8. Be2 Bb7 9. O-O Be7 10. Qd2 O-O 11. Nc3 Nbd7 12. Rfd1 Rc8 13. Bf1 Qc7 14. Rac1 Rfd8 15. Qf2 Bc6 16. Nb3 Qb8 17. Nd4 Ba8 18. b3 Ne8 19. Qg3 Ne5 20. f4 Nc6 21. Nf3 Nf6 22. Bd3 Nb4 23. Bb1 d5 24. e5 Ne4 25. Qh3 Bc5 26. Bxc5 bxc5 27. a3 Nc6 28. cxd5 Nxc3 29. Qxh7+ Kf8 30. Rxc3 exd5 31. Qh8+ Ke7 32. Qxg7 Rg8 33. Qf6+ Ke8 34. e6 Qb7 35. Bh7 Rf8 36. exf7+ Rxf7 37. Bg6 Nd8 38. Re3+ Kd7 39. Bxf7 Rc6 40. Re7+ Kc8 41. Qf5+ Re6 42. Bxe6+ Nxe6 43. Qxe6+ Kb8 44. Rxb7+ 1-0

[Event "GER-ch Rapid Women 2017"]
[Site "Erfurt"]
[Date "2017.07.29"]
[Round "5"]
[White "Zimmer, Elke"]
[Black "Zschischang, Marine"]
[Result "0-1"]
[ECO "C01"]
[WhiteElo "1950"]
[BlackElo "2057"]
[Annotator "NA"]
[PlyCount "52"]
[EventDate "2017.??.??"]
[EventType "swiss"]
[EventCountry "GER"]
[SourceTitle "playchess.com"]
[Source "ChessBase"]
[SourceQuality "1"]
[TimeControl "1200"]

1. e4 e6 2. d4 d5 3. exd5 exd5 4. Nf3 Nf6 5. Bd3 Bd6 6. Bg5 h6 7. Bh4 Qe7+ 8. Qe2 Qxe2+ 9. Bxe2 Ne4 10. Nbd2 f5 11. Ne5 Bxe5 12. dxe5 g5 13. Bg3 f4 14. Bh5+ Ke7 15. O-O-O Nxd2 16. Rxd2 fxg3 17. hxg3 Be6 18. f4 Nc6 19. Bg6 Raf8 20. Rf2 Nxe5 21. Bh5 gxf4 22. Re2 Kd6 23. Rhe1 Rf5 24. g4 Rg5 25. b3 c5 26. Rd2 Bxg4 0-1

[Event "GER-ch Rapid Women 2017"]
[Site "Erfurt"]
[Date "2017.07.29"]
[Round "5"]
[White "Perez Celis, Alba"]
[Black "Daemering, Katrin"]
[Result "0-1"]
[ECO "B20"]
[WhiteElo "1790"]
[BlackElo "2033"]
[Annotator "NA"]
[PlyCount "66"]
[EventDate "2017.??.??"]
[EventType "swiss"]
[EventCountry "GER"]
[SourceTitle "playchess.com"]
[Source "ChessBase"]
[SourceQuality "1"]
[TimeControl "1200"]

1. e4 c5 2. Ne2 d6 3. Nbc3 g6 4. g3 Bg7 5. Bg2 e6 6. d3 Nc6 7. O-O Nge7 8. f4 f5 9. Kh1 O-O 10. Be3 Nd4 11. Qd2 a6 12. Nd1 Bd7 13. c3 Nxe2 14. Qxe2 Bc6 15. Nf2 Qd7 16. Rad1 Rae8 17. d4 c4 18. e5 Bxg2+ 19. Kxg2 Qc6+ 20. Kg1 Nd5 21. Nh3 h6 22. Rfe1 Rd8 23. Rd2 Rfe8 24. Kf2 b5 25. g4 Nxe3 26. Qxe3 fxg4 27. Ng1 dxe5 28. fxe5 Rf8+ 29. Ke2 Rf5 30. Kd1 b4 31. Ne2 Qa4+ 32. Rc2 Rf3 33. Qe4 Rd3+ 0-1

[Event "GER-ch Rapid Women 2017"]
[Site "Erfurt"]
[Date "2017.07.29"]
[Round "5"]
[White "Bachmann, Sylvia"]
[Black "Mader, Lena"]
[Result "1/2-1/2"]
[ECO "B23"]
[WhiteElo "1677"]
[BlackElo "1880"]
[Annotator "NA"]
[PlyCount "144"]
[EventDate "2017.??.??"]
[EventType "swiss"]
[EventCountry "GER"]
[SourceTitle "playchess.com"]
[Source "ChessBase"]
[SourceQuality "1"]
[TimeControl "1200"]

1. e4 c5 2. Nc3 e6 3. g3 d5 4. exd5 exd5 5. Bg2 Nf6 6. d3 Be7 7. f4 O-O 8. Nf3 Nc6 9. O-O Bf5 10. h3 d4 11. Ne2 Qc7 12. Nh4 Bd7 13. Nf3 Rae8 14. c3 dxc3 15. bxc3 Qc8 16. Kh2 Bd6 17. d4 Ne4 18. d5 Na5 19. Nd2 Nxd2 20. Qxd2 Nc4 21. Qd3 b5 22. g4 Re7 23. Ng3 Rfe8 24. Rf3 Nb6 25. Nf5 c4 26. Nxe7+ Rxe7 27. Qd2 Qc7 28. Qd4 Bc5 29. Qd1 a5 30. Kh1 b4 31. Bb2 Na4 32. Qc2 Bd6 33. f5 Be5 34. Rb1 Nxc3 35. Bxc3 Bxc3 36. a3 Qd6 37. axb4 axb4 38. Qf2 b3 39. Rxc3 Bb5 40. Rb2 Qf6 41. Qd2 Qd6 42. Re3 Rd7 43. Re8+ Qf8 44. Rxf8+ Kxf8 45. Qf4 h6 46. Qb8+ Ke7 47. Qxb5 c3 48. Re2+ Kf6 49. Qc6+ Kg5 50. Qxc3 Rb7 51. Qe3+ Kf6 52. Qd4+ Kg5 53. Kh2 b2 54. Rxb2 Rxb2 55. Qxb2 g6 56. fxg6 fxg6 57. Qe5+ Kh4 58. Be4 g5 59. Kg1 h5 60. gxh5 g4 61. Qf6+ Kg3 62. Qf1 Kh4 63. hxg4 Kg5 64. Qf3 Kh4 65. Bf5 Kg5 66. Qh3 Kf6 67. Kf2 Kg5 68. Kf3 Kf6 69. Qh4+ Ke5 70. Qe7+ Kxd5 71. Qe4+ Kc5 72. Qe5+ Kc4 1/2-1/2

[Event "GER-ch Rapid Women 2017"]
[Site "Erfurt"]
[Date "2017.07.30"]
[Round "7"]
[White "Michna, Marta"]
[Black "Rath, Alina"]
[Result "1-0"]
[ECO "D00"]
[WhiteElo "2377"]
[BlackElo "2035"]
[Annotator "NA"]
[PlyCount "77"]
[EventDate "2017.??.??"]
[EventType "swiss"]
[EventCountry "GER"]
[SourceTitle "playchess.com"]
[Source "ChessBase"]
[SourceQuality "1"]
[TimeControl "1200"]

1. d4 d5 2. Bf4 e6 3. e3 c5 4. c3 Nc6 5. Nd2 Bd6 6. Bg3 Nf6 7. Ngf3 Nh5 {[%emt 0:00:41] D02: 1 d4 d5 2 Nf3 sidelines, including 2...Nf6 3 g3 and 2...Nf6 3 Bf4} (7... O-O 8. Bb5 Bxg3 9. hxg3 Qb6 10. a4 h6 11. O-O Ne7 12. Qb3 Qc7 13. a5 Bd7 14. Be2 Ng6 15. Qa3 c4 {1-0 (38) Carlsen,M (2832)-Caruana,F (2808) Paris 2017}) 8. Bd3 Nxg3 9. hxg3 h6 10. Rc1 O-O 11. g4 $146 ({Predecessor:} 11. Bb1 Bd7 12. Qc2 f5 13. Nh4 Qf6 14. Qb3 {½-½ (42) Csatlos,R-Varcaba,A Miskolc 2005}) 11... cxd4 12. exd4 Be7 13. O-O b6 14. Qe2 Bf6 15. Rce1 Bb7 16. Bb1 g6 17. Qd3 Qd6 18. Re3 Rae8 19. Rfe1 Bg7 20. Ne5 Nxe5 21. dxe5 Qe7 22. Nf3 Rc8 23. Nd4 a6 24. f4 Qh4 25. Qe2 Rfe8 {[%emt 0:01:03] [#]} 26. Bd3 (26. f5 $1 $18) 26... b5 27. a3 Rc7 28. Rf1 Bc8 {[%emt 0:00:05] [#]} 29. Rh3 $2 (29. g5 $1 $18 ) 29... Qe7 30. Rff3 $16 f5 31. exf6 Qxf6 32. g5 Qf7 33. gxh6 Bxd4+ 34. cxd4 Kh7 35. Rhg3 Rg8 36. Rg5 Qf6 37. Qe5 Rc1+ 38. Kh2 Qf7 39. Rfg3 1-0

[Event "GER-ch Rapid Women 2017"]
[Site "Erfurt"]
[Date "2017.07.30"]
[Round "7"]
[White "Hess, Olena"]
[Black "Daemering, Katrin"]
[Result "1/2-1/2"]
[ECO "E91"]
[WhiteElo "2094"]
[BlackElo "2033"]
[Annotator "NA"]
[PlyCount "35"]
[EventDate "2017.??.??"]
[EventType "swiss"]
[EventCountry "GER"]
[SourceTitle "playchess.com"]
[Source "ChessBase"]
[SourceQuality "1"]
[TimeControl "1200"]

1. Nf3 Nf6 2. c4 d6 3. d4 g6 4. Nc3 Bg7 5. e4 O-O 6. Be2 Nc6 7. O-O e5 8. d5 Ne7 9. Qc2 h6 10. Rd1 Ne8 11. g3 f5 12. Nh4 f4 13. b4 g5 14. Nf3 Ng6 15. Ne1 Qf6 16. Nd3 Bh3 17. c5 a6 18. a4 1/2-1/2

[Event "GER-ch Rapid Women 2017"]
[Site "Erfurt"]
[Date "2017.07.30"]
[Round "7"]
[White "Zschischang, Marine"]
[Black "Fuchs, Judith"]
[Result "0-1"]
[ECO "B20"]
[WhiteElo "2057"]
[BlackElo "2285"]
[Annotator "NA"]
[PlyCount "104"]
[EventDate "2017.??.??"]
[EventType "swiss"]
[EventCountry "GER"]
[SourceTitle "playchess.com"]
[Source "ChessBase"]
[SourceQuality "1"]
[TimeControl "1200"]

1. e4 c5 2. c4 Nc6 3. Nc3 g6 4. g3 Bg7 5. Bg2 d6 6. h3 Nf6 7. Nge2 O-O 8. O-O Ne8 9. f4 {[%emt 0:00:20] A36: Symmetrical English vs ...g6: 4 Bg2 Bg7} (9. a3 Nc7 10. Rb1 a5 11. d3 Rb8 12. Be3 b5 13. cxb5 Nxb5 14. Nxb5 Rxb5 15. d4 cxd4 16. Nxd4 Nxd4 17. Bxd4 Bxd4 {½-½ (17) Hamdouchi,H (2627)-Libiszewski,F (2505) Saint Affrique 2012}) 9... Nc7 10. d3 Ne6 (10... a6 11. a4 Rb8 12. Rb1 b5 13. f5 Nd4 14. g4 Bd7 15. axb5 axb5 16. Nd5 bxc4 17. dxc4 Nxd5 18. exd5 gxf5 {0-1 (37) Zschischang,M (2086)-Fuchs,J (2289) Germany 2014}) 11. Kh2 Ned4 12. Nxd4 Nxd4 13. Ne2 Rb8 14. Rb1 $146 ({Find the theoretical novelty and annotate with similar games:} 14. Be3 Nxe2 15. Qxe2 b5 16. cxb5 Rxb5 {0-1 (33) Wang,A-Loftsson,J Oakland 1960}) 14... a6 15. Nxd4 Bxd4 16. b3 Qa5 17. a4 b5 18. Bd2 Qc7 19. axb5 axb5 20. Qc1 b4 21. Be3 Bg7 22. Qd1 Ra8 23. d4 Bb7 24. dxc5 dxc5 25. e5 Ra2 26. Rf2 Rxf2 27. Bxf2 Bxg2 28. Kxg2 Rd8 29. Qf3 g5 30. Rd1 Rxd1 $11 31. Qxd1 gxf4 32. gxf4 Bh6 33. Be3 e6 34. Qg1 Kh8 35. Kf3 Qc6+ 36. Ke2 Qe4 37. Qd1 Qg2+ 38. Bf2 Qe4+ 39. Be3 Kg7 40. Qd8 Qg2+ 41. Bf2 Qg6 42. Kf3 Qf5 43. Bg3 Kg6 44. h4 Kh5 45. Bh2 Qg4+ 46. Kf2 Bxf4 47. Qf6 Bxh2 48. Qxf7+ Qg6 49. Qf3+ Kh6 50. Qe3+ Kg7 51. Qf3 Qf7 52. Qxf7+ Kxf7 0-1

[Event "GER-ch Rapid Women 2017"]
[Site "Erfurt"]
[Date "2017.07.30"]
[Round "7"]
[White "Ries, Jutta"]
[Black "Ganser, Ganokorn"]
[Result "1-0"]
[ECO "A02"]
[WhiteElo "2051"]
[BlackElo "1698"]
[Annotator "NA"]
[PlyCount "65"]
[EventDate "2017.??.??"]
[EventType "swiss"]
[EventCountry "GER"]
[SourceTitle "playchess.com"]
[Source "ChessBase"]
[SourceQuality "1"]
[TimeControl "1200"]

1. f4 Nf6 2. Nf3 g6 3. b3 Bg7 4. Bb2 O-O 5. e3 c5 6. Be2 Nc6 7. O-O b6 8. Nc3 Bb7 9. Qe1 d5 10. Bb5 Nb4 11. Qd1 a6 12. a3 Nxc2 13. Qxc2 axb5 14. Nxb5 Qd7 15. a4 Rfc8 16. Ne5 Qe8 17. d3 Nd7 18. Nxd7 Qxd7 19. Bxg7 Kxg7 20. Qb2+ Kg8 21. f5 Bc6 22. Na3 b5 23. fxg6 hxg6 24. axb5 Bxb5 25. Nxb5 Qxb5 26. Qc3 Rxa1 27. Rxa1 Rb8 28. Ra5 Qxb3 29. Rxc5 Qb1+ 30. Kf2 Rb2+ 31. Kg3 Qa2 32. Rc8+ Kh7 33. Rh8# 1-0

[Event "GER-ch Rapid Women 2017"]
[Site "Erfurt"]
[Date "2017.07.30"]
[Round "7"]
[White "Muetsch, Annmarie"]
[Black "Osmanodja, Filiz"]
[Result "1-0"]
[ECO "B56"]
[WhiteElo "2049"]
[BlackElo "2273"]
[Annotator "NA"]
[PlyCount "79"]
[EventDate "2017.??.??"]
[EventType "swiss"]
[EventCountry "GER"]
[SourceTitle "playchess.com"]
[Source "ChessBase"]
[SourceQuality "1"]
[TimeControl "1200"]

1. e4 c5 2. Nf3 d6 3. d4 Nf6 4. Nc3 cxd4 5. Nxd4 Nc6 6. g3 Bg4 7. Be2 Bh3 8. Bf1 Bxf1 9. Kxf1 Qb6 10. Nb3 Qb4 11. Qe2 Ne5 12. f4 Nc6 $18 13. e5 dxe5 14. fxe5 Nd7 15. Nd5 Qa4 16. Nc7+ Kd8 17. Nxa8 e6 18. Bf4 Kc8 19. Rd1 Be7 20. Kg2 Rd8 21. Rd3 Kb8 22. Rhd1 Nb4 23. Rd4 Qc6+ 24. Qf3 Nd5 25. c4 Nxf4+ 26. gxf4 Qc8 27. Qd3 Qc6+ 28. Kh3 Kxa8 29. Na5 Qb6 30. c5 Qxc5 31. Qb3 Qxa5 32. Rxd7 Rb8 33. Rxe7 Qc5 34. Red7 Qf2 35. Qg3 Qe2 36. R1d2 Qh5+ 37. Kg2 Qf5 38. Qf3 h6 39. Rxb7 Qg6+ 40. Kf2 1-0

[Event "GER-ch Rapid Women 2017"]
[Site "Erfurt"]
[Date "2017.07.30"]
[Round "7"]
[White "Zahn, Alina"]
[Black "Mader, Manuela"]
[Result "0-1"]
[ECO "B18"]
[WhiteElo "2025"]
[BlackElo "2203"]
[Annotator "NA"]
[PlyCount "114"]
[EventDate "2017.??.??"]
[EventType "swiss"]
[EventCountry "GER"]
[SourceTitle "playchess.com"]
[Source "ChessBase"]
[SourceQuality "1"]
[TimeControl "1200"]

1. e4 c6 2. d4 d5 3. Nc3 dxe4 4. Nxe4 Bf5 5. Ng3 Bg6 6. f4 e6 7. Nf3 Nd7 8. Bc4 Ngf6 9. O-O Be7 10. f5 exf5 11. Nh4 Nb6 12. Bb3 O-O 13. Ngxf5 Nfd5 14. Nxe7+ Qxe7 15. Nxg6 hxg6 16. Qf3 Rad8 17. Bd2 Nc7 18. Rae1 Qd7 19. c3 a5 20. Bg5 Rde8 21. Rxe8 Qxe8 22. Qg3 Ncd5 23. c4 Nb4 24. a3 Na6 25. Bf4 a4 26. Ba2 Qe4 27. Qf2 Nc8 28. Re1 Qf5 29. Re5 Qd7 30. Qe2 Qxd4+ 31. Qf2 Qd1+ 32. Re1 Qd7 33. h3 Nc7 34. Qg3 Ne6 35. Be5 Ne7 36. Qf3 Rd8 37. c5 Nd5 38. Bd6 b6 39. Qf2 bxc5 40. Bxc5 Rb8 41. Kh1 Nxc5 42. Qxc5 Rxb2 43. Bxd5 cxd5 44. Rd1 Rb5 45. Qc2 Rb6 46. Qc5 Rd6 47. Qa5 d4 48. Qa8+ Qd8 49. Qxa4 d3 50. Qb3 Rd4 51. Qc3 Qd7 52. Qb3 d2 53. a4 Re4 54. Qc2 Re1+ 55. Kh2 Re2 56. Kg1 Qd5 57. a5 Qxg2# 0-1

[Event "GER-ch Rapid Women 2017"]
[Site "Erfurt"]
[Date "2017.07.30"]
[Round "7"]
[White "Zimmer, Elke"]
[Black "Perez Celis, Alba"]
[Result "1-0"]
[ECO "B01"]
[WhiteElo "1950"]
[BlackElo "1790"]
[Annotator "NA"]
[PlyCount "97"]
[EventDate "2017.??.??"]
[EventType "swiss"]
[EventCountry "GER"]
[SourceTitle "playchess.com"]
[Source "ChessBase"]
[SourceQuality "1"]
[TimeControl "1200"]

1. e4 d5 2. exd5 Qxd5 3. Nc3 Qa5 4. d4 Bf5 5. Nf3 Nf6 6. Bd2 c6 7. Bc4 e6 8. O-O Bd6 9. Ne4 Qd8 10. Nxd6+ Qxd6 11. c3 O-O 12. Qc1 Nd5 13. Re1 Nd7 14. Bb3 N7f6 15. c4 Ne7 16. Bf4 Qd8 17. Bc2 Bg4 18. Ne5 Ng6 19. Bg5 h6 20. Bxf6 Qxf6 21. Nxg4 Qxd4 22. Ne3 Nf4 23. Kf1 f5 24. Rd1 Qe5 25. Rb1 Nh5 26. g3 f4 27. Ng4 Qg5 28. h3 Qc5 29. b4 Qb6 30. c5 Qc7 31. Rd6 fxg3 32. Qe3 gxf2 33. Qxe6+ Kh8 34. Nxf2 Ng3+ 35. Kg2 Nf5 36. Bxf5 Rf6 37. Qd7 Qxd7 38. Bxd7 Rf7 39. Rbd1 Raf8 40. Ng4 h5 41. Be6 Rf4 42. Rd8 hxg4 43. Rxf8+ Rxf8 44. hxg4 Rf4 45. a3 Re4 46. Bf5 Re8 47. Kf3 Kg8 48. Rd7 Kf8 49. Rxb7 1-0

[Event "GER-ch Rapid Women 2017"]
[Site "Erfurt"]
[Date "2017.07.30"]
[Round "7"]
[White "Kinzel, Tiffany"]
[Black "Yueksel, Anja"]
[Result "1-0"]
[ECO "A45"]
[WhiteElo "1755"]
[BlackElo "1472"]
[Annotator "NA"]
[PlyCount "53"]
[EventDate "2017.??.??"]
[EventType "swiss"]
[EventCountry "GER"]
[SourceTitle "playchess.com"]
[Source "ChessBase"]
[SourceQuality "1"]
[TimeControl "1200"]

1. d4 Nf6 2. e3 g6 3. Bd3 Bg7 4. f4 d5 5. Nd2 O-O 6. Ngf3 Nbd7 7. O-O c5 8. c3 c4 9. Bc2 b5 10. Ne5 Nxe5 11. fxe5 Ng4 12. Qe1 a5 13. h3 Nh6 14. e4 dxe4 15. Nxe4 f5 16. exf6 exf6 17. Bf4 Re8 18. Bxh6 f5 19. Bg5 Qd5 20. Nf6+ Bxf6 21. Qxe8+ Kg7 22. Bxf6+ Kxf6 23. Qf8+ Kg5 24. Rae1 Bb7 25. h4+ Kxh4 26. Qh6+ Kg3 27. Qg5# 1-0

[Event "GER-ch Rapid Women 2017"]
[Site "Erfurt"]
[Date "2017.07.30"]
[Round "7"]
[White "Bachmann, Sylvia"]
[Black "Birkholz, Olga"]
[Result "0-1"]
[ECO "B23"]
[WhiteElo "1677"]
[BlackElo "2076"]
[Annotator "NA"]
[PlyCount "66"]
[EventDate "2017.??.??"]
[EventType "swiss"]
[EventCountry "GER"]
[SourceTitle "playchess.com"]
[Source "ChessBase"]
[SourceQuality "1"]
[TimeControl "1200"]

1. e4 c5 2. Nc3 a6 3. g3 g6 4. Bg2 Bg7 5. f4 e6 6. Nf3 Ne7 7. O-O d6 8. d3 O-O 9. Qe2 Nbc6 10. Be3 Nd4 11. Qd2 Rb8 12. Rab1 b5 13. h3 Bb7 14. Kh2 f5 15. exf5 Nexf5 16. Bf2 Nxf3+ 17. Bxf3 Bxf3 18. Bg1 Bc6 19. Rfe1 Qd7 20. Ne4 Nd4 21. Re3 e5 22. c3 exf4 23. gxf4 Nf5 24. Re2 Nh4 25. Rf1 Rbe8 26. Qe1 Nf5 27. Qf2 Re7 28. Rfe1 Rfe8 29. Ng5 h6 30. Ne4 Qb7 31. Qg2 Kh7 32. Qg4 Bxe4 33. dxe4 Rxe4 0-1

[Event "GER-ch Rapid Women 2017"]
[Site "Erfurt"]
[Date "2017.07.30"]
[Round "8"]
[White "Fuchs, Judith"]
[Black "Michna, Marta"]
[Result "1/2-1/2"]
[ECO "C11"]
[WhiteElo "2285"]
[BlackElo "2377"]
[Annotator "NA"]
[PlyCount "38"]
[EventDate "2017.??.??"]
[EventType "swiss"]
[EventCountry "GER"]
[SourceTitle "playchess.com"]
[Source "ChessBase"]
[SourceQuality "1"]
[TimeControl "1200"]

1. e4 e6 2. d4 d5 3. Nc3 Nf6 4. e5 Nfd7 5. f4 c5 6. Nf3 Be7 7. Be3 b6 8. Ne2 Nc6 9. c3 O-O 10. g3 a5 11. Bh3 g6 12. O-O a4 13. g4 f5 14. gxf5 exf5 15. dxc5 Nxc5 16. Bg2 Ne4 17. Ned4 Bc5 18. Re1 Nxd4 19. Nxd4 Re8 1/2-1/2

[Event "GER-ch Rapid Women 2017"]
[Site "Erfurt"]
[Date "2017.07.30"]
[Round "8"]
[White "Osmanodja, Filiz"]
[Black "Zahn, Alina"]
[Result "0-1"]
[ECO "C77"]
[WhiteElo "2273"]
[BlackElo "2025"]
[Annotator "NA"]
[PlyCount "108"]
[EventDate "2017.??.??"]
[EventType "swiss"]
[EventCountry "GER"]
[SourceTitle "playchess.com"]
[Source "ChessBase"]
[SourceQuality "1"]
[TimeControl "1200"]

1. e4 e5 2. Nf3 Nc6 3. Bb5 a6 4. Ba4 Nf6 5. d3 b5 6. Bb3 Be7 7. O-O O-O 8. a4 b4 9. Re1 d6 10. Nbd2 Na5 11. d4 Nxb3 12. Nxb3 exd4 13. Nfxd4 Bb7 14. Na5 Qc8 15. Ndc6 Re8 16. Bg5 Bxc6 17. Nxc6 Qd7 18. Nxb4 Nxe4 19. Bxe7 Rxe7 20. Nd5 Re5 21. f3 Nc5 22. Rxe5 dxe5 23. b4 Rd8 24. c4 Ne6 25. Ne3 Qe7 26. Qe1 Nd4 27. Rd1 Qg5 28. Qf2 Rd6 29. c5 Rf6 30. Kf1 h6 31. Ng4 Re6 32. h4 Qe7 33. Nxe5 Nf5 34. Rd7 Qf6 35. f4 Re7 36. Rxe7 Qxe7 37. g3 Qe8 38. c6 Qe7 39. Qc5 Nxg3+ 40. Kg2 Qxh4 41. Qf2 Nf5 42. Qxh4 Nxh4+ 43. Kh3 Nf5 44. b5 axb5 45. a5 Ne7 46. a6 Nc8 47. Kg3 Kf8 48. Kf3 Ke7 49. Ke4 f6 50. Nd3 Kd6 51. Kf5 Ne7+ 52. Kg4 Kxc6 53. Kh5 Kb6 54. Nb4 c5 0-1

[Event "GER-ch Rapid Women 2017"]
[Site "Erfurt"]
[Date "2017.07.30"]
[Round "8"]
[White "Rogozenco, Teodora"]
[Black "Ries, Jutta"]
[Result "1-0"]
[ECO "A59"]
[WhiteElo "2169"]
[BlackElo "2051"]
[Annotator "NA"]
[PlyCount "125"]
[EventDate "2017.??.??"]
[EventType "swiss"]
[EventCountry "GER"]
[SourceTitle "playchess.com"]
[Source "ChessBase"]
[SourceQuality "1"]
[TimeControl "1200"]

1. d4 Nf6 2. c4 c5 3. d5 b5 4. cxb5 a6 5. bxa6 Bxa6 6. Nc3 g6 7. e4 Bxf1 8. Kxf1 d6 9. g3 Bg7 10. Nf3 O-O 11. Kg2 Na6 12. Qe2 Qb6 13. Nd2 Nd7 14. a4 Nb4 15. Nb5 Qb7 16. Nc4 Nb6 17. Ne3 Rxa4 18. Rxa4 Nxa4 19. b3 Nc3 20. Nxc3 Bxc3 21. Bb2 Bxb2 22. Qxb2 Ra8 23. Ra1 Rxa1 24. Qxa1 Nc2 25. Nxc2 Qxb3 26. Ne3 Qd3 27. Qa4 Kg7 28. Kf3 Qb1 29. Qd1 Qb4 30. Qc2 Qe1 31. Qd1 Qb4 32. Qa1+ f6 33. Qc1 h5 34. h4 Qb3 35. Qc4 Qb1 36. Kg2 Qe1 37. Nc2 Qd2 38. Na3 g5 39. hxg5 Qxg5 40. Nc2 h4 41. Ne3 hxg3 42. Nf5+ Kf7 43. Nxg3 Qg4 44. Qe2 Qg5 45. Qh5+ Qxh5 46. Nxh5 e6 47. Kf3 f5 48. exf5 exd5 49. Ke3 d4+ 50. Ke4 d5+ 51. Kd3 Ke7 52. f3 Kf7 53. f6 Kg6 54. f4 Kf7 55. f5 Kf8 56. Nf4 Kf7 57. Nxd5 Ke8 58. Kc4 Kf7 59. Kxc5 d3 60. Kd4 d2 61. Ne3 Kxf6 62. Ke4 Kf7 63. Kd3 1-0

[Event "GER-ch Rapid Women 2017"]
[Site "Erfurt"]
[Date "2017.07.30"]
[Round "8"]
[White "Birkholz, Olga"]
[Black "Kinzel, Tiffany"]
[Result "1-0"]
[ECO "D00"]
[WhiteElo "2076"]
[BlackElo "1755"]
[Annotator "NA"]
[PlyCount "69"]
[EventDate "2017.??.??"]
[EventType "swiss"]
[EventCountry "GER"]
[SourceTitle "playchess.com"]
[Source "ChessBase"]
[SourceQuality "1"]
[TimeControl "1200"]

1. d4 d5 2. Nc3 e6 3. Bf4 Nf6 4. e3 c5 5. Nf3 Nc6 6. a3 a6 7. Bd3 c4 8. Be2 b5 9. O-O Be7 10. Ne5 Nxe5 11. dxe5 Nd7 12. e4 Bb7 13. exd5 exd5 14. Nxd5 O-O 15. Bf3 Nc5 16. Be3 Rb8 17. Qd2 Bxd5 18. Bxd5 Qc7 19. f4 Rbd8 20. Rad1 Rfe8 21. Qe2 Bf8 22. Kh1 Ne6 23. Qf2 Bc5 24. Bxe6 Bxe3 25. Bxf7+ Qxf7 26. Qxe3 Rc8 27. f5 Qc7 28. e6 Qc6 29. Qg5 Rc7 30. Rfe1 Qc5 31. Rd8 Rce7 32. Rxe8+ Rxe8 33. Qg4 Qb6 34. f6 Qa5 35. Qxg7# 1-0

[Event "GER-ch Rapid Women 2017"]
[Site "Erfurt"]
[Date "2017.07.30"]
[Round "8"]
[White "Muetsch, Annmarie"]
[Black "Hess, Olena"]
[Result "1/2-1/2"]
[ECO "C41"]
[WhiteElo "2049"]
[BlackElo "2094"]
[Annotator "NA"]
[PlyCount "85"]
[EventDate "2017.??.??"]
[EventType "swiss"]
[EventCountry "GER"]
[SourceTitle "playchess.com"]
[Source "ChessBase"]
[SourceQuality "1"]
[TimeControl "1200"]

1. e4 d6 2. d4 Nf6 3. Nc3 e5 4. Nf3 Nbd7 5. Bc4 Be7 6. O-O O-O 7. h3 c6 8. a4 Qc7 9. Be3 b6 10. d5 cxd5 11. Bxd5 Bb7 12. Rc1 Nxd5 13. exd5 Ba6 14. Re1 h6 15. Nb1 f5 16. c4 Rac8 17. b3 Qd8 18. Nc3 Qe8 19. Bd2 Nc5 20. Be3 Qg6 21. Bxc5 Rxc5 22. Kh1 Bf6 23. Nb5 Bxb5 24. axb5 Rc7 25. Qc2 e4 26. Ng1 Be5 27. Rcd1 Qg5 28. Qe2 Qf4 29. g3 Qg5 30. h4 Qg6 31. Nh3 Re7 32. Rg1 Qf6 33. Rdf1 g5 34. g4 Rg7 35. h5 fxg4 36. Rxg4 Qf3+ 37. Qxf3 Rxf3 38. Kg2 Rxb3 39. Rxe4 Rc3 40. f3 Rc7 41. f4 gxf4 42. Nxf4 Bxf4 43. Rfxf4 1/2-1/2

[Event "GER-ch Rapid Women 2017"]
[Site "Erfurt"]
[Date "2017.07.30"]
[Round "8"]
[White "Daemering, Katrin"]
[Black "Rath, Alina"]
[Result "1/2-1/2"]
[ECO "A04"]
[WhiteElo "2033"]
[BlackElo "2035"]
[Annotator "NA"]
[PlyCount "77"]
[EventDate "2017.??.??"]
[EventType "swiss"]
[EventCountry "GER"]
[SourceTitle "playchess.com"]
[Source "ChessBase"]
[SourceQuality "1"]
[TimeControl "1200"]

1. Nf3 c5 2. g3 Nc6 3. Bg2 g6 4. O-O Bg7 5. d3 e5 6. e4 Nge7 7. Be3 d6 8. h3 O-O 9. c3 b6 10. Ne1 h6 11. f4 f5 12. Nd2 Be6 13. Nef3 Rc8 14. Qe1 Qd7 15. Kh2 Rce8 16. Rd1 Kh7 17. Nb3 d5 18. fxe5 Nxe5 19. Nxe5 Bxe5 20. d4 cxd4 21. cxd4 Bg7 22. e5 Rc8 23. Qd2 Qa4 24. Ra1 Rc6 25. Rfc1 Rfc8 26. Rc3 Rxc3 27. bxc3 Qc4 28. Rc1 a5 29. Bf1 Qc6 30. Qd3 g5 31. Nd2 Qa4 32. Qb1 Qc6 33. Nf3 Kh8 34. Bb5 Qb7 35. Ne1 Bf8 36. Bd3 Qc6 37. Bb5 Qb7 38. Bd3 Qc6 39. Bb5 1/2-1/2

[Event "GER-ch Rapid Women 2017"]
[Site "Erfurt"]
[Date "2017.07.30"]
[Round "8"]
[White "Mader, Lena"]
[Black "Zimmer, Elke"]
[Result "1/2-1/2"]
[ECO "E67"]
[WhiteElo "1880"]
[BlackElo "1950"]
[Annotator "NA"]
[PlyCount "122"]
[EventDate "2017.??.??"]
[EventType "swiss"]
[EventCountry "GER"]
[SourceTitle "playchess.com"]
[Source "ChessBase"]
[SourceQuality "1"]
[TimeControl "1200"]

1. Nf3 Nf6 2. c4 d6 3. d4 g6 4. g3 Bg7 5. Bg2 O-O 6. O-O Nbd7 7. Nc3 e5 8. dxe5 dxe5 9. e3 Re8 10. b3 c6 11. Bb2 Qe7 12. Qc2 Nb6 13. Rad1 Bg4 14. h3 Bf5 15. e4 Bd7 16. Rd3 Rad8 17. Rfd1 Nh5 18. Qd2 Rc8 19. Rd6 Be6 20. Ng5 Bh6 21. h4 Bxg5 22. hxg5 Rb8 23. c5 Na8 24. Ne2 Nc7 25. Bxe5 Bg4 26. Bf6 Nxf6 27. gxf6 Qf8 28. f3 Be6 29. Nf4 Nb5 30. Nxe6 Rxe6 31. Rxe6 Qxc5+ 32. Kh2 fxe6 33. Qd7 Qf8 34. Qxe6+ Kh8 35. Rd7 Re8 36. Qh3 h5 37. g4 Qxf6 38. gxh5 Qf4+ 39. Kg1 g5 40. h6 Nc3 41. Bf1 g4 42. Qxg4 Rg8 43. Rg7 Qxg4+ 44. Rxg4 Rxg4+ 45. fxg4 Nxa2 46. g5 Nc3 47. e5 Ne4 48. Bh3 Nxg5 49. Bf5 a5 50. e6 Kg8 51. h7+ Nxh7 52. Bxh7+ Kf8 53. Bf5 Ke7 54. Kf2 b5 55. Ke3 a4 56. bxa4 bxa4 57. Bc2 a3 58. Bb3 c5 59. Kd3 Kd6 60. Kc3 Kc6 61. e7 Kd7 1/2-1/2